 Dungeon Crawl Stone Soup version 0.28-a0-1594-ga885d4b3d6 (webtiles) character file.

Game seed: 3967881163404787104

51 kae the Ruffian (level 3, -3/29 HPs)
             Began as a Draconian Transmuter on Jan 20, 2022.
             Killed by divine providence
             ... invoked by an orc priest
              (12 damage)
             ... on level 3 of the Dungeon.
             The game lasted 00:02:08 (3049 turns).

kae the Ruffian (Draconian Transmuter)              Turns: 3049, Time: 00:02:08

Health: -3/29      AC:  5    Str: 14    XL:     3   Next: 57%
Magic:  5/6        EV: 12    Int: 15    God:
Gold:   73         SH:  0    Dex: 11    Spells: 2/6 levels left

rFire   . . .      SeeInvis .     - Unarmed
rCold   . . .      Faith    .   (no shield)
rNeg    . . .      Spirit   .   (armour unavailable)
rPois   +          Reflect  .   (helmet restricted)
rElec   .          Harm     .   (no cloak)
rCorr   .          Rampage  .   (no gloves)
Will    .....                   (no boots)
Stlth   +.........              (no amulet)
HPRegen 0.09/turn               (no ring)
MPRegen 0.10/turn               (no ring)

@: no status effects
A: AC +5, unfitting armour, cold-blooded, poison resistance, strong 1
a: no special abilities


You were on level 3 of the Dungeon.
You visited 1 branch of the dungeon, and saw 3 of its levels.

You collected 73 gold pieces.

Inventory:

Jewellery
 c - a ring of magical power
 e - an amulet of faith
Scrolls
 a - a scroll of identify


   Skills:
 + Level 1.7 Fighting
 + Level 2.0 Dodging
 * Level 3.4 Unarmed Combat
 + Level 2.3 Spellcasting
 * Level 2.6 Transmutations
 * Level 0.5 Poison Magic


You had 2 spell levels left.
You knew the following spells:

 Your Spells              Type           Power      Damage    Failure   Level
a - Beastly Appendage     Tmut           18%        N/A       8%          1
b - Spider Form           Tmut/Pois      6%         N/A       32%         3

Your spell library contained the following spells:

 Spells                   Type           Power      Damage    Failure   Level
 Wereblood                Tmut           9%         N/A       11%         2
 Blink                    Tloc           2%         N/A       32%         2
 Lesser Beckoning         Tloc           1%         N/A       54%         3
 Ice Form                 Ice/Tmut       5%         N/A       77%         4
 Manifold Assault         Tloc           1%         N/A       99%         5


Dungeon Overview and Level Annotations

Branches:
Dungeon (3/15)

Altars:
Ashenzari
Yredelemnul


Innate Abilities, Weirdness & Mutations

Your plain brown scales are hard. (AC +5)
You cannot fit into any form of body armour.
You are cold-blooded and may be slowed by cold attacks.
Your system is resistant to poisons. (rPois)
Your muscles are strong. (Str +2)


Message History

There are monsters nearby!
Casting: Beastly Appendage (safe; 8% risk of failure)
Confirm with . or Enter, or press ? or * to list all spells.
You miscast Beastly Appendage.
You are very lightly contaminated with residual magic.
Nothing appears to happen.
The orc shouts!
An orc priest comes into view.
It is wielding a +2 short sword of venom.
An orc priest comes into view. It is wielding a +0 club.
The orc priest shouts! x2; You hear an angry hiss.
The orc priest looks encouraged for a moment.
The orc misses you.
The orc priest begins to cast a cantrip, but forgets the words!
You hit the orc.
The orc is heavily wounded.
There are monsters nearby!
You hit the orc.
You kill the orc!
An orc comes into view. It is wielding a +0 dagger.
The orc closely misses you.
You closely miss the orc.
The orc shouts!
The orc priest casts a cantrip, but nothing happens.
You barely miss the orc. The orc hits you with a +0 club.
You closely miss the orc.
The orc priest invokes the aid of Beogh against you.
Beogh smites you! The orc hits you with a +0 club.
* * * LOW HITPOINT WARNING * * *
A ball python comes into view.
The orc priest casts a cantrip, but nothing happens.
Your magical contamination has completely faded away.
You aren't carrying any potions.
Unknown command.
You don't have any unidentified items.
You aren't carrying any potions.
You aren't carrying any items that you can evoke.
Unknown command.
The orc priest invokes the aid of Beogh against you.
Beogh smites you!
You die...

.# #<# #. .#
#.# #o .# #.#
#. #.# #o## #.#
#.)# #.# #o#
#.##### #.#
#.....# #o#
#####.# #@# #.#
#.# #.# #.# #.#
#.# #.# #.# #.#
#.# #.# #.# #.#
#.#
#######.#####.#


You could see 2 orc priests and 2 orcs.

Vanquished Creatures
  A worm (D:2)
  A dart slug (D:2)
  An orc (D:3)
  3 endoplasms
  3 giant cockroaches (D:1)
  4 goblins
  6 hobgoblins
  4 quokkas
  3 ball pythons
  7 bats
  3 frilled lizards
  2 kobolds
  6 rats
44 creatures vanquished.

Vanquished Creatures (others)
  2 plants (D:3)
2 creatures vanquished.

Grand Total: 46 creatures vanquished

Notes
Turn   | Place    | Note
-------+----------+-------------------------------------------
     0 | D:1      | kae the Draconian Transmuter began the quest for the Orb.
     0 | D:1      | Reached XP level 1. HP: 16/16 MP: 3/3
   339 | D:1      | Reached XP level 2. HP: 23/23 MP: 5/5
  1283 | D:2      | Found a basalt altar of Yredelemnul.
  1638 | D:2      | Reached XP level 3. HP: 29/29 MP: 4/6
  1642 | D:2      | Learned a level 3 spell: Spider Form
  1774 | D:2      | Noticed a phantom
  1785 | D:2      | Gained mutation: Your system is resistant to poisons.
                  | (rPois) [potion of mutation]
  1785 | D:2      | Gained mutation: Your muscles are strong. (Str +2) [potion
                  | of mutation]
  2306 | D:2      | Identified the +1 spear of Conformity {freeze, *Slow Str+5}
  2820 | D:3      | Found a broken altar of Ashenzari.
  3049 | D:3      | Killed from afar by an orc priest

Illustrated notes

Levels and vault maps discovered:
D:1:      amcnicky_arrival_flooded_fountain, layout_basic
D:2:      layout_basic, basic_altar
D:3:      layout_loops_ring, bloody_trog, lemuel_round_altar,
          nicolae_elyvilon_temple_path, dreamdust_ecumenical_altar_statues,
          serial_park_tiny_2, uniq_terence, uniq_ijyb

Skill      XL: |  1  2 |
---------------+-------+-----
Dodging        | 2 |  2.0
Fighting       | |  1.7
Unarmed Combat | |  3.4
Spellcasting   | |  2.3
Transmutations | |  2.6
Poison Magic   | |  0.5

Action                   || total
-------------------------++-------
Melee: Unarmed           ||   137
       Tailslap          ||    11
       Kick              ||    15
       Headbutt          ||    10
       Punch             ||     5
 Cast: Beastly Appendage ||    28
       Spider Form       ||     1
  Use: Scroll            ||     4
       Potion            ||     1
Armor: Skin              ||    59
Dodge: Dodged            ||   108

Table legend: (Time is in decaauts)
 A = Elapsed time spent in this place.
 B = Non-inter-level travel time spent in this place.
 C = Inter-level travel time spent in this place.
 D = Time resting spent in this place.
 E = Time spent auto-exploring this place.
 F = Levels seen in this place.
 G = Mean time per level.
                   A        B        C        D        E       F      G
               +--------+--------+--------+--------+--------+-----+--------+
         Total |   3041 |   2908 |    133 |      0 |   2518 |   3 | 1013.7 |
       Dungeon |   3041 |   2908 |    133 |      0 |   2518 |   3 | 1013.7 |
               +--------+--------+--------+--------+--------+-----+--------+

Top non-repeatable levels by time:
     D:1: 1457 daAuts
     D:2: 1322 daAuts
     D:3: 261 daAuts
